 Dungeon Sprint DCSS version 0.28.0-47-ge53b351184 (webtiles) character file.

Game seed: 9361636218181386845

9400000 Zeld the Conqueror (level 27, -41/208 (273) HPs)
             Began as a Minotaur Monk on Apr 29, 2022.
             Was the Champion of Makhleb.
             Killed from afar by a wretched soul (51 damage)
             ... with a bolt of negative energy
             ... in the Dungeon (Sprint VIII: "Arena of Blood").
             The game lasted 00:02:22 (94 turns).

Zeld the Conqueror (Minotaur Monk)                    Turns: 94, Time: 00:02:23

HP:   -41/208 (273) AC:  4    Str: 30    XL:     27
MP:   29/47         EV: 25    Int:  7    God:    Makhleb [******]
Gold: 0             SH:  0    Dex: 13    Spells: 69/69 levels left

rFire   . . .      SeeInvis .   h - +∞ Axe of Woe
rCold   . . .      Faith    .   (shield currently unavailable)
rNeg    . . .      Spirit   .   a - +0 robe
rPois   .          Reflect  .   (helmet restricted)
rElec   .          Harm     .   (no cloak)
rCorr   .          Rampage  .   (no gloves)
Will    ++...      NoTele   +   (no boots)
Stlth   +++++++++.              (no amulet)
HPRegen 0.44/turn               (no ring)
MPRegen 0.30/turn               (no ring)

@: heavily drained
A: horns 2, retaliatory headbutt
a: Renounce Religion, Minor Destruction, Lesser Servant of Makhleb, Major
Destruction, Greater Servant of Makhleb


You were in the Dungeon.
You worshipped Makhleb.
Makhleb was exalted by your worship.
You visited 1 branch

Inventory:

Hand Weapons
 h - the +∞ Axe of Woe (weapon)
   (You found it in the Dungeon)
Armour
 a - a +0 robe (worn)
Jewellery
 i - a +250 ring of slaying
 j - a +250 ring of slaying
Scrolls
 g - a scroll of blinking
Potions
 b - a potion of curing
 c - a potion of heal wounds
 d - a potion of haste
 e - 2 potions of magic
 f - a potion of berserk rage


   Skills:
 O Level 27 Fighting
 O Level 27 Short Blades
 O Level 27 Long Blades
 O Level 27 Axes
 O Level 27 Maces & Flails
 O Level 27 Polearms
 O Level 27 Staves
 O Level 27 Slings
 O Level 27 Bows
 O Level 27 Crossbows
 O Level 27 Throwing
 O Level 27 Armour
 O Level 27 Dodging
 O Level 27 Stealth
 O Level 27 Shields
 O Level 27 Unarmed Combat
 + Level 21.6 Spellcasting
 + Level 23.2 Conjurations
 + Level 21.5 Hexes
 + Level 23.2 Summonings
 + Level 23.5 Necromancy
 + Level 23.2 Translocations
 + Level 25.0 Transmutations
 + Level 23.2 Fire Magic
 + Level 23.2 Ice Magic
 + Level 22.9 Air Magic
 + Level 25.0 Earth Magic
 + Level 23.2 Poison Magic
 O Level 27 Invocations
 O Level 27 Evocations


You had 69 spell levels left.
You didn't know any spells.
Your spell library was empty.

Dungeon Overview and Level Annotations

Branches:
Dungeon (1/1)

Altars:
Makhleb


Innate Abilities, Weirdness & Mutations

You have a pair of horns on your head.
You reflexively headbutt those who attack you in melee.


Message History

Makhleb accepts your kill.
You are engulfed in blazing flames.
You hear a shout! x4
A dread comes into view.
The eight-headed meat hydra calls on the powers of darkness!
The eight-headed meat hydra convulses!
Your body is wracked with pain!
The meat berserker convulses!
The bag of meat convulses! x3
The destroyer is engulfed in blazing flames.
You hear a shout! x2
Your Conjurations skill increases to level 23!
Your Summonings skill increases to level 23!
Your Necromancy skill increases to level 23!
Your Translocations skill increases to level 23!
Your Transmutations skill increases to level 25!
Your Fire Magic skill increases to level 23!
Your Ice Magic skill increases to level 23!
Your Earth Magic skill increases to level 25!
Your Poison Magic skill increases to level 23!
You have mastered Evocations!
Unknown command.
You are too injured to fight recklessly!
Unknown command.
You slice the meat berserker!!
You cleave the meat berserker in twain.
You kill the meat berserker!
Makhleb accepts your kill.
You feel better.
You slash the bag of meat!
You dissect the bag of meat like a pig carcass.
You kill the bag of meat!
Makhleb accepts your kill.
You feel better.
You are engulfed in blazing flames.
You hear an angry squeal.
You hear a shout! x2
A bolt of negative energy appears from out of thin air!
Deactivating autopickup; reactivate with Ctrl-A.
The bolt of negative energy hits you!!!!
You feel drained.
Ouch! That really hurt!
* * * LOW HITPOINT WARNING * * *
A bolt of negative energy appears from out of thin air!
The bolt of negative energy hits you!!!
You feel drained.
You die...

#. ..# #.. ..# .
.###.. ..###o.
......###.....o
......._)......
....#.)§§o#.....
. #_)V{{# ...
...#.§☼§§#....W
.....o°@)o{...D
.....o###..O..M.
.###.. ..###..
#.. ..# V #..
..# .. ... ....
....


You could see an accursed, an eight-headed meat hydra, a destroyer, a dread, a
meat berserker (berserk) and 4 bags of meat.

Vanquished Creatures
  6 hell beasts (D)
  2 royal mummies (D)
  A great orb of eyes (D)
  A wraith (D)
  13 vampire knights (D)
  29 ogres (D)
  6 two-headed ogres (D)
  2 liches (D)
  34 orcs (D)
  A phantom (D)
  7 skeletal warriors (D)
102 creatures vanquished.

Notes
Turn   | Place    | Note
-------+----------+-------------------------------------------
     0 | D        | Found the +∞ Axe of Woe
     0 | D        | Zeld the Minotaur Monk began the quest for the Orb.
     0 | D        | Reached XP level 1. HP: 19/19 MP: 0/0
     1 | D        | Noticed a bag of meat
     4 | D        | Became a worshipper of Makhleb the Destroyer
     4 | D        | Reached * piety under Makhleb
     4 | D        | Reached ** piety under Makhleb
     5 | D        | Noticed a bag of meat
     6 | D        | Killed a bag of meat
     6 | D        | Noticed a meat berserker
     6 | D        | Noticed a bag of meat
     7 | D        | Reached skill level 5 in Stealth
     7 | D        | Reached skill level 15 in Unarmed Combat
     7 | D        | Reached XP level 2. HP: 52/52 MP: 1/1
     7 | D        | Reached XP level 3. HP: 59/59 MP: 2/2
     7 | D        | Reached XP level 4. HP: 68/68 MP: 3/3
     7 | D        | Reached XP level 5. HP: 74/74 MP: 4/4
     7 | D        | Reached XP level 6. HP: 82/82 MP: 5/5
     7 | D        | Reached XP level 7. HP: 89/89 MP: 6/6
     7 | D        | Reached XP level 8. HP: 97/97 MP: 7/7
     7 | D        | Reached XP level 9. HP: 104/104 MP: 8/8
     7 | D        | Reached XP level 10. HP: 112/112 MP: 9/9
     8 | D        | Noticed a meat berserker
     8 | D        | Noticed a meat berserker
     9 | D        | Killed a bag of meat
     9 | D        | Killed a meat berserker
     9 | D        | Killed a meat berserker
     9 | D        | Reached *** piety under Makhleb
    10 | D        | Reached XP level 11. HP: 136/136 MP: 10/10
    10 | D        | Reached XP level 12. HP: 145/145 MP: 11/11
    10 | D        | Reached XP level 13. HP: 151/151 MP: 12/12
    10 | D        | Killed a meat berserker
    10 | D        | Noticed a bag of meat
    11 | D        | Reached XP level 14. HP: 166/166 MP: 13/13
    11 | D        | Killed a bag of meat
    11 | D        | Noticed a bag of meat
    11 | D        | Noticed a bag of meat
    12 | D        | Reached skill level 27 in Fighting
    13 | D        | Noticed a bag of meat
    13 | D        | Noticed a bag of meat
    13 | D        | Noticed a meat berserker
    14 | D        | Noticed a bag of meat
    14 | D        | Noticed a bag of meat
    16 | D        | Killed a meat berserker
    16 | D        | Reached **** piety under Makhleb
    17 | D        | Reached XP level 15. HP: 172/174 MP: 14/14
    18 | D        | Reached skill level 27 in Dodging
    18 | D        | Reached skill level 10 in Stealth
    18 | D        | Reached skill level 27 in Unarmed Combat
    18 | D        | Reached ***** piety under Makhleb
    18 | D        | Noticed a meat berserker
    20 | D        | Noticed a destroyer
    22 | D        | Reached XP level 16. HP: 183/183 MP: 15/15
    22 | D        | Noticed a meat berserker
    23 | D        | Noticed a meat berserker
    24 | D        | Noticed a destroyer
    24 | D        | Killed a meat berserker
    24 | D        | Noticed a large bag of meat
    25 | D        | Reached skill level 27 in Axes
    26 | D        | Noticed a destroyer
    26 | D        | Noticed a destroyer
    27 | D        | Noticed a destroyer
    27 | D        | Noticed a meat berserker
    28 | D        | Killed a destroyer
    29 | D        | Noticed a sculptor of flesh
    29 | D        | Killed a meat berserker
    29 | D        | Killed a meat berserker
    29 | D        | Killed a destroyer
    29 | D        | Reached ****** piety under Makhleb
    30 | D        | Reached skill level 27 in Stealth
    30 | D        | Reached XP level 17. HP: 191/191 MP: 16/16
    31 | D        | Killed a destroyer
    31 | D        | Noticed a destroyer
    31 | D        | Noticed a meat berserker
    32 | D        | Reached skill level 5 in Throwing
    32 | D        | Reached skill level 5 in Invocations
    32 | D        | Reached skill level 5 in Evocations
    32 | D        | Reached XP level 18. HP: 200/200 MP: 16/23
    32 | D        | Noticed a destroyer
    32 | D        | Noticed a large bag of meat
    33 | D        | Killed a meat berserker
    33 | D        | Killed a destroyer
    33 | D        | Killed a sculptor of flesh
    33 | D        | Killed a large bag of meat
    33 | D        | Noticed a destroyer
    34 | D        | Reached skill level 10 in Long Blades
    34 | D        | Reached skill level 10 in Maces & Flails
    34 | D        | Reached skill level 10 in Polearms
    34 | D        | Reached skill level 10 in Staves
    34 | D        | Reached skill level 10 in Armour
    34 | D        | Reached skill level 10 in Shields
    34 | D        | Reached XP level 19. HP: 159/207 MP: 16/27
    35 | D        | Killed a destroyer
    35 | D        | Killed a destroyer
    36 | D        | Reached skill level 10 in Throwing
    36 | D        | Reached skill level 10 in Invocations
    36 | D        | Noticed a meat berserker
    37 | D        | Killed a meat berserker
    38 | D        | Reached skill level 10 in Evocations
    38 | D        | Reached XP level 20. HP: 205/216 MP: 17/30
    38 | D        | Killed a destroyer
    40 | D        | Reached skill level 10 in Transmutations
    40 | D        | Reached skill level 10 in Earth Magic
    40 | D        | Noticed a meat berserker
    42 | D        | Killed a destroyer
    43 | D        | Reached skill level 15 in Long Blades
    43 | D        | Reached skill level 15 in Maces & Flails
    43 | D        | Reached skill level 15 in Polearms
    43 | D        | Reached skill level 15 in Staves
    43 | D        | Reached skill level 15 in Armour
    43 | D        | Reached skill level 15 in Shields
    43 | D        | Reached skill level 10 in Conjurations
    43 | D        | Reached skill level 10 in Necromancy
    43 | D        | Reached skill level 10 in Ice Magic
    43 | D        | Reached skill level 10 in Poison Magic
    43 | D        | Noticed a meat berserker
    43 | D        | Noticed a destroyer
    44 | D        | Killed a meat berserker
    45 | D        | Reached skill level 10 in Summonings
    45 | D        | Reached skill level 10 in Translocations
    45 | D        | Reached skill level 10 in Fire Magic
    45 | D        | Reached skill level 10 in Air Magic
    45 | D        | Reached XP level 21. HP: 159/224 MP: 18/33
    45 | D        | Noticed a destroyer
    47 | D        | Reached skill level 15 in Short Blades
    47 | D        | Reached skill level 15 in Slings
    47 | D        | Reached skill level 15 in Bows
    47 | D        | Reached skill level 15 in Crossbows
    47 | D        | Reached skill level 10 in Spellcasting
    47 | D        | Reached skill level 10 in Hexes
    49 | D        | Killed a destroyer
    50 | D        | Reached skill level 15 in Throwing
    50 | D        | Reached skill level 15 in Invocations
    50 | D        | Reached XP level 22. HP: 181/233 MP: 19/35
    50 | D        | Killed a large bag of meat
    50 | D        | Noticed a large bag of meat
    56 | D        | Killed a large bag of meat
    56 | D        | Noticed an accursed
    57 | D        | Reached skill level 15 in Evocations
    58 | D        | Killed a destroyer
    59 | D        | Reached XP level 23. HP: 225/240 MP: 20/38
    61 | D        | Reached skill level 15 in Transmutations
    61 | D        | Reached skill level 15 in Earth Magic
    61 | D        | Noticed a destroyer
    65 | D        | Killed an accursed
    65 | D        | Noticed a tyrant
    66 | D        | Reached XP level 24. HP: 197/249 MP: 22/39
    66 | D        | Noticed a meat beast
    68 | D        | Reached skill level 15 in Conjurations
    68 | D        | Reached skill level 15 in Summonings
    68 | D        | Reached skill level 15 in Necromancy
    68 | D        | Reached skill level 15 in Translocations
    68 | D        | Reached skill level 15 in Fire Magic
    68 | D        | Reached skill level 15 in Ice Magic
    68 | D        | Reached skill level 15 in Air Magic
    68 | D        | Reached skill level 15 in Poison Magic
    69 | D        | Killed a destroyer
    69 | D        | Noticed a meat beast
    70 | D        | Killed a tyrant
    70 | D        | Noticed a meat beast
    71 | D        | Killed a meat beast
    71 | D        | Killed a meat beast
    71 | D        | Noticed a dread
    71 | D        | Noticed an accursed
    72 | D        | Reached skill level 15 in Spellcasting
    72 | D        | Reached skill level 15 in Hexes
    72 | D        | Reached XP level 25. HP: 245/257 MP: 23/41
    72 | D        | Killed a meat beast
    72 | D        | Noticed a large bag of meat
    73 | D        | Reached XP level 26. HP: 203/266 MP: 23/41
    76 | D        | Noticed a meat beast
    76 | D        | Noticed a destroyer
    77 | D        | Noticed a large bag of meat
    77 | D        | Noticed a tyrant
    78 | D        | Killed a meat beast
    79 | D        | Reached skill level 27 in Long Blades
    79 | D        | Reached skill level 27 in Maces & Flails
    79 | D        | Reached skill level 27 in Polearms
    79 | D        | Reached skill level 27 in Staves
    79 | D        | Reached skill level 27 in Armour
    79 | D        | Reached skill level 27 in Shields
    79 | D        | Reached XP level 27. HP: 260/273 MP: 25/43
    79 | D        | Noticed a destroyer
    80 | D        | Noticed a meat beast
    81 | D        | Noticed a destroyer
    82 | D        | Killed a large bag of meat
    82 | D        | Killed an accursed
    82 | D        | Killed a meat beast
    83 | D        | Killed a tyrant
    83 | D        | Killed a destroyer
    84 | D        | Reached skill level 27 in Short Blades
    84 | D        | Reached skill level 27 in Slings
    84 | D        | Reached skill level 27 in Bows
    84 | D        | Reached skill level 27 in Crossbows
    84 | D        | Noticed a meat beast
    85 | D        | Killed a dread
    87 | D        | Killed a large bag of meat
    88 | D        | Killed a destroyer
    88 | D        | Noticed a destroyer
    89 | D        | Reached skill level 27 in Invocations
    89 | D        | Noticed a large bag of meat
    90 | D        | Killed a meat beast
    91 | D        | Reached skill level 27 in Throwing
    92 | D        | Killed a large bag of meat
    92 | D        | Noticed an accursed
    93 | D        | Noticed a dread
    94 | D        | Reached skill level 27 in Evocations
    94 | D        | HP: 10/228 [something/bolt of negative energy (121)]
    94 | D        | Killed from afar by a wretched soul

Illustrated notes

Levels and vault maps discovered:
D:        meatsprint

Skill      XL: |  1  2  3  4  5  6  7  8  9 10 11 12 13 14 15 16 17 18 19 20 21 22 23 24 25 26 27 |
---------------+----------------------------------------------------------------------------------+-----
Fighting       | 17 24 26 27 | 27.0
Axes           | 4 12 13 16 26 27 | 27.0
Dodging        | 16 22 23 26 27 | 27.0
Stealth        | 5 7 8 9 12 27 | 27.0
Unarmed Combat | 15 22 23 25 27 | 27.0
Short Blades   | 6 9 12 14 16 18 20 22 23 25 27 | 27.0
Long Blades    | 7 10 13 15 17 20 22 24 25 27 | 27.0
Maces & Flails | 7 10 13 15 17 20 22 24 25 27 | 27.0
Polearms       | 7 10 13 15 17 20 22 24 25 27 | 27.0
Staves         | 7 10 13 15 17 20 22 24 25 27 | 27.0
Slings         | 6 9 12 14 16 18 20 22 23 25 27 | 27.0
Bows           | 6 9 12 14 16 18 20 22 23 25 27 | 27.0
Crossbows      | 6 9 12 14 16 18 20 22 23 25 27 | 27.0
Throwing       | 5 8 11 13 15 17 18 21 23 27 | 27.0
Armour         | 7 10 13 15 17 20 22 24 25 27 | 27.0
Shields        | 7 10 13 15 17 20 22 24 25 27 | 27.0
Spellcasting   | 4 6 7 9 10 12 13 15 17 21 | 21.6
Conjurations   | 4 6 8 10 11 13 14 16 17 18 23 | 23.2
Hexes          | 4 6 7 9 10 12 13 15 17 21 | 21.5
Summonings     | 4 6 8 10 11 13 14 16 17 18 23 | 23.2
Necromancy     | 4 6 8 10 11 13 14 16 17 18 23 | 23.5
Translocations | 4 6 8 10 11 13 14 16 17 18 23 | 23.2
Transmutations | 4 7 9 11 12 14 16 18 20 25 | 25.0
Fire Magic     | 4 6 8 10 11 13 14 16 17 18 23 | 23.2
Ice Magic      | 4 6 8 10 11 13 14 16 17 18 23 | 23.2
Air Magic      | 4 6 8 10 11 13 14 16 17 18 22 | 22.9
Earth Magic    | 4 7 9 11 12 14 16 18 20 25 | 25.0
Poison Magic   | 4 6 8 10 11 13 14 16 17 18 23 | 23.2
Invocations    | 5 8 11 13 15 17 18 21 23 27 | 27.0
Evocations     | 5 7 10 12 14 15 17 19 20 21 27 | 27.0

Action                   |  1- 3 |  4- 6 |  7- 9 | 10-12 | 13-15 | 16-18 | 19-21 | 22-24 | 25-27 || total
-------------------------+-------+-------+-------+-------+-------+-------+-------+-------+-------++-------
Melee: Executioner's axe |     1 |       |       |     1 |     6 |     6 |    10 |    14 |    15 ||    53
 Stab: Distracted        |       |       |       |       |       |       |     1 |       |       ||     1
Armor: Robe              |       |       |       |       |       |       |       |     1 |     2 ||     3
Dodge: Dodged            |       |       |       |       |       |       |       |     1 |     4 ||     5
